 Dungeon Crawl Stone Soup version 0.27-a0-1119-gbf574a6a6b (webtiles) character file.

Game seed: 1265373751787291221

1391 Zeld the Chucker (level 8, 0/57 HPs)
             Began as an Octopode Fighter on May 2, 2021.
             Killed from afar by a steam dragon (27 damage)
             ... with a ball of steam
             ... on level 6 of the Dungeon.
             The game lasted 00:09:20 (10277 turns).

Zeld the Chucker (Octopode Fighter)                Turns: 10277, Time: 00:09:20

Health: 0/57       AC:  1    Str: 17    XL:     8   Next: 68%
Magic:  8/8        EV: 11    Int: 10    God:
Gold:   26         SH: 10    Dex: 12    Spells: 7/7 levels left

rFire    . . .     SeeInvis .   a - +0 war axe
rCold    + + .     Faith    .   b - +0 kite shield
rNeg     . . .     Spirit   .   (helmet restricted)
rPois    .         Reflect  .   (no amulet)
rElec    .         Harm     .   v - ring of protection from cold
rCorr    .         Rampage  .   z - ring of protection from cold
Will     .....                  (no ring)
Stlth    ++........             (no ring)
HPRegen  0.19/turn              (no ring)
MPRegen  0.11/turn              (no ring)
                                (no ring)
                                (no ring)

@: mighty
A: almost no armour, amphibious, 8 rings, camouflage 1, gelatinous body 1,
(nimble swimmer 1), tentacles
a: no special abilities


You were on level 6 of the Dungeon.
You visited 1 branch of the dungeon, and saw 6 of its levels.
You also visited: Sewer.

You collected 261 gold pieces.
You spent 235 gold pieces at shops.

Inventory:

Hand Weapons
 a - a +0 war axe (weapon)
Missiles
 n - 6 atropa-tipped darts
 q - 8 javelins
 s - 24 poisoned darts (quivered)
 B - 2 boomerangs
Armour
 b - a +0 kite shield (worn)
Jewellery
 e - an amulet of guardian spirit
 v - a ring of protection from cold (left tentacle)
 z - a ring of protection from cold (right tentacle)
 D - an amulet of the acrobat
Wands
 g - a wand of polymorph (13)
Scrolls
 d - 2 scrolls of amnesia
 f - 4 scrolls of teleportation
 h - 2 scrolls of immolation {unknown}
 i - 4 scrolls of identify {unknown}
 k - 3 scrolls of blinking {unknown}
 l - a scroll of enchant armour {unknown}
 m - a scroll of fog {unknown}
 o - 2 scrolls of holy word {unknown}
 p - 2 scrolls of vulnerability {unknown}
 t - 2 scrolls of magic mapping {unknown}
 y - a scroll of fear {unknown}
Potions
 j - 5 potions of curing
 r - a potion of resistance {unknown}
 u - a potion of lignification {unknown}
 w - 2 potions of magic {unknown}
 x - 3 potions of haste {unknown}
 A - a potion of cancellation {unknown}


   Skills:
 * Level 5.6 Fighting
 * Level 5.1 Axes
 - Level 6.0 Throwing
 - Level 3.0 Dodging
 * Level 5.6 Shields


You had 7 spell levels left.
You didn't know any spells.
Your spell library contained the following spells:

 Spells                   Type           Power      Damage    Failure   Level
 Animate Skeleton         Necr           0%         N/A       77%         1
 Corona                   Hex            0%         N/A       77%         1
 Pain                     Necr           0%         1d4       77%         1
 Slow                     Hex            0%         N/A       88%         2
 Inner Flame              Hex/Fire       0%         N/A       98%         3
 Portal Projectile        Hex/Tloc       0%         N/A       98%         3
 Vampiric Draining        Necr           0%         2d6       98%         3
 Animate Dead             Necr           0%         N/A       100%        4
 Cause Fear               Hex            0%         N/A       100%        4
 Leda's Liquefaction      Hex/Erth       0%         N/A       100%        4
 Agony                    Necr           0%         N/A       100%        5


Dungeon Overview and Level Annotations

Branches:
Dungeon (6/15)              Sewer (visited)
 Temple: D:4-7

Altars:
Cheibriados
Fedhas
Kikubaaqudgha
Makhleb
Ru
Sif Muna

Shops:
D:1 [   D:2 *(   D:6 !


Innate Abilities, Weirdness & Mutations

You cannot wear most types of armour.
You are amphibious.
You can wear up to eight rings at the same time.
Your skin changes colour to match your surroundings (Stealth+).
Your rubbery body absorbs attacks. (AC +1, EV +1)
((You are camouflaged near water. (Stealth+)))
You have tentacles for arms and can constrict up to eight enemies at once.


Message History

The steam dragon breathes steam at you. The ball of steam misses you.
The steam dragon bites you! You block the steam dragon's attack.
The hound barely misses you.
You hit the steam dragon but do no damage.
The steam dragon is moderately wounded.
You hit the hound.
You are engulfed in a cloud of scalding steam.
The hound bites you. You block the steam dragon's attack.
The steam dragon claws you. You block the hound's attack.
You are too injured to fight recklessly!
You feel very mighty all of a sudden.
You are engulfed in a cloud of scalding steam.
* * * LOW HITPOINT WARNING * * *
The hound completely misses you. The steam dragon bites you!
* * * LOW HITPOINT WARNING * * *
You block the steam dragon's attack.
Unknown command.
You feel much better. The hound bites you. The steam dragon closely misses you.
The steam dragon barely misses you. You block the hound's attack.
You hit the steam dragon. Your squeeze misses the steam dragon.
The steam dragon is heavily wounded.
You hit the hound. The hound bites you. You block the steam dragon's attack.
The steam dragon claws you. The hound bites you.
The steam dragon closely misses you. The steam dragon claws you.
You slash the steam dragon!
The steam dragon is almost dead.
You closely miss the hound. You block the hound's attack. x2
The steam dragon bites you but does no damage.
The steam dragon closely misses you.
You barely miss the steam dragon.
The steam dragon is almost dead.
You closely miss the hound. The hound bites you.
You block the steam dragon's attack. x2; You block the hound's attack.
The steam dragon breathes steam at you. The ball of steam misses you.
You block the hound's attack.
Unknown command.
The hound barely misses you. The steam dragon breathes steam at you.
The ball of steam hits you!!
You die...

#.. ..... ###
..##..#.##. # #.. ..#
..#.##..# #.# # #.#
........# #.# # #.#
#.#.##...##.# #
#.###.#.#.# #.#.# #
#.....#..# #.(#####
..#####..h@..§.#
#.......
.........D§§§§§##
##..####.
.######..######.###.#.#
#. #............##.# #<
#.#########.###.# #.
#.# #.# #.####. #.# #.#
#...... #.#######
#.########.
#.......###..#### #..


You could see a steam dragon (catching breath) and a hound.

Vanquished Creatures
  2 black bears (D:5)
  An ice beast (D:6)
  A sky beast (D:6)
  An ogre (D:5)
  A necrophage (D:5)
  A phantom (D:3)
  A bullfrog (D:6)
  A scorpion (D:4)
  A water moccasin skeleton (D:5)
  A bullfrog zombie (D:6)
  A hound (D:5)
  A jelly (D:4)
  A centaur skeleton (D:6)
  2 orc priests (D:5)
  A bullfrog skeleton (D:4)
  Natasha (thrice) (D:4 D:3)
  A hound skeleton (D:5)
  Robin (D:4)
  8 adders
  4 gnolls
  3 river rats
  A shadow imp (D:5)
  A white imp (D:6)
  2 ufetubi (D:5)
  A worm (D:5)
  A dart slug (D:3)
  15 orcs
  A bat (D:2)
  10 endoplasms
  8 giant cockroaches
  14 goblins
  6 hobgoblins
  8 jackals
  7 ball pythons
  9 frilled lizards
  4 kobolds
  8 rats
133 creatures vanquished.

Notes
Turn   | Place    | Note
-------+----------+-------------------------------------------
     0 | D:1      | Zeld the Octopode Fighter began the quest for the Orb.
     0 | D:1      | Reached XP level 1. HP: 16/16 MP: 1/1
   185 | D:1      | Found a faded altar of an unknown god.
   192 | D:1      | Reached XP level 2. HP: 20/21 MP: 2/2
   567 | D:1      | Found Vipnuopt's Armour Shop.
  1028 | D:2      | Found Plog's Weapon Emporium.
  1221 | D:2      | Found Siodeguz's Assorted Antiques.
  1233 | D:2      | Bought a yellow potion for 19 gold pieces
  1233 | D:2      | Bought a fuming cyan potion for 19 gold pieces
  1267 | D:2      | Reached XP level 3. HP: 26/26 MP: 3/3
  1746 | D:2      | Reached skill level 1 in Throwing
  1998 | D:2      | Bought a yellow potion for 19 gold pieces
  1998 | D:2      | Bought a scroll labelled UMNEUQ PESKE for 22 gold pieces
  2042 | D:3      | Found a burning altar of Makhleb.
  2451 | D:3      | Found a large runed translucent door.
  2451 | D:3      | Found a large runed translucent door.
  2473 | D:3      | Found a snail-covered altar of Cheibriados.
  2485 | D:3      | Found a sacrificial altar of Ru.
  2493 | D:3      | Reached skill level 2 in Throwing
  2493 | D:3      | Reached XP level 4. HP: 23/31 MP: 4/4
  3081 | D:2      | Bought a scroll labelled POXTI WECHIOT for 22 gold pieces
  3204 | D:4      | Noticed a scorpion
  3225 | D:4      | Found a glowing drain.
  3229 | Sewer    | Entered a sewer
  3541 | Sewer    | Reached skill level 3 in Throwing
  3733 | Sewer    | Reached XP level 5. HP: 33/36 MP: 3/5
  4137 | D:4      | Noticed Natasha
  4147 | D:4      | Killed Natasha
  4148 | D:4      | Reached skill level 4 in Throwing
  4159 | D:4      | Noticed Natasha
  4411 | D:4      | HP: 1/36 [acid (9)]
  4493 | D:4      | Reached XP level 6. HP: 32/42 MP: 3/6
  4593 | D:4      | HP: 1/42 [gnoll/+0 spear (5)]
  4683 | D:3      | Reached skill level 5 in Throwing
  5227 | D:3      | Killed Natasha
  5362 | D:3      | Noticed Natasha
  5364 | D:3      | Found a burning altar of Makhleb.
  5379 | D:3      | Killed Natasha
  6025 | D:3      | Found a sacrificial altar of Ru.
  6028 | D:3      | Found a snail-covered altar of Cheibriados.
  6311 | D:2      | Bought a scroll labelled WUEDWU JURIUMU for 22 gold pieces
  6393 | D:4      | Noticed Robin
  6398 | D:4      | Found a shimmering blue altar of Sif Muna.
  7201 | D:4      | Killed Robin
  7202 | D:4      | Reached skill level 6 in Throwing
  7506 | D:4      | Reached XP level 7. HP: 41/46 MP: 5/7
  7822 | D:5      | Entered Level 5 of the Dungeon
  8912 | D:5      | Found an ancient bone altar of Kikubaaqudgha.
  9041 | D:5      | Reached XP level 8. HP: 45/54 MP: 8/8
  9436 | D:5      | Reached skill level 5 in Fighting
  9436 | D:5      | Reached skill level 5 in Shields
  9686 | D:6      | Found Vuuniph's Distillery.
  9942 | D:6      | Bought a potion of curing for 42 gold pieces
  9942 | D:6      | Bought a potion of heal wounds for 70 gold pieces
 10019 | D:6      | Found a blossoming altar of Fedhas.
 10152 | D:6      | Reached skill level 5 in Axes
 10277 | D:6      | Killed from afar by a steam dragon

Illustrated notes

Levels and vault maps discovered:
D:1:      mrwooster_arrival_statue_2, layout_basic, serial_shops,
          nicolae_shop_statue_plus, hellmonk_ecumenical_altar_arch_garden,
          serial_park_tiny_pond, roderic_lattice_a
D:2:      layout_loops_corners, serial_shops, nicolae_shop_statue_plus, shop
D:3:      layout_basic, jmf_multi_god_temple2, nicolae_overflow_crystal_walls,
          serial_corexii_hall, corexii_hall_statues_t, chequers_hall_statues_y,
          st_stairs_14, minivault_19
D:4:      layout_loops_ring, lemuel_crystal_altar, gup_sewer_entry_bowl,
          uniq_natasha, uniq_robin
D:5:      layout_basic, kennysheep_little_box
D:6:      layout_loops_ring, nicolae_qazlal_scattered_showers, kennysheep_mini,
          marbit_many_paths, serial_shops, shop

Skill      XL: |  1  2  3  4  5  6  7  8 |
---------------+-------------------------+-----
Throwing       | 2 3 4 6 |  6.0
Axes           | 4 5 |  5.1
Fighting       | 4 5 |  5.6
Shields        | 4 5 |  5.6
Dodging        | |  3.0

Action                   |  1- 3 |  4- 6 |  7- 9 || total
-------------------------+-------+-------+-------++-------
Melee: War axe           |    59 |   132 |   113 ||   304
       Constrict         |    14 |    22 |    23 ||    59
       Tentacles         |    12 |    20 |    26 ||    58
  Use: Potion            |       |     3 |     2 ||     5
       Scroll            |       |     1 |     1 ||     2
 Stab: Sleeping          |    13 |     4 |     1 ||    18
Armor: Skin              |     4 |     9 |     8 ||    21
Dodge: Dodged            |    18 |    71 |    74 ||   163
Block: Kite shield       |    22 |    74 |    84 ||   180

Table legend: (Time is in decaauts)
 A = Elapsed time spent in this place.
 B = Non-inter-level travel time spent in this place.
 C = Inter-level travel time spent in this place.
 D = Time resting spent in this place.
 E = Time spent auto-exploring this place.
 F = Levels seen in this place.
 G = Mean time per level.
                   A        B        C        D        E       F      G
               +--------+--------+--------+--------+--------+-----+--------+
         Total |  10493 |  10155 |    338 |   2085 |   6700 |   7 | 1499.0 |
       Dungeon |   9767 |   9429 |    338 |   1891 |   6323 |   6 | 1627.8 |
         Sewer |    726 |    726 |      0 |    194 |    377 |   1 |  726.0 |
               +--------+--------+--------+--------+--------+-----+--------+

Top non-repeatable levels by time:
     D:3: 3454 daAuts
     D:5: 1904 daAuts
     D:4: 1788 daAuts
     D:2: 1135 daAuts
     D:1: 1046 daAuts
   Sewer: 726 daAuts
     D:6: 437 daAuts
